 Dungeon Crawl Stone Soup version 0.29.1-1-gd02db6906a (webtiles) character file.

Game seed: 3127254964205255730

394 sleeves the Poker (level 6, -2/47 HPs)
             Began as a Merfolk Cinder Acolyte on Sept 29, 2022.
             Was a High Priest of Ignis.
             Killed from afar by Blork the orc (8 damage)
             ... with a puff of frost
             ... on level 4 of the Dungeon.
             The game lasted 00:06:21 (4640 turns).

sleeves the Poker (Merfolk Cinder Acolyte)          Turns: 4640, Time: 00:06:22

Health: -2/47      AC:  5    Str: 14    XL:     6   Next: 82%
Magic:  0/7        EV:  8    Int: 14    God:    Ignis [*****.]
Gold:   123        SH:  8    Dex: 11    Spells: 7/7 levels left

rFire   + . .      SeeInvis .   a - -1 spear (flame)
rCold   . . .      Faith    .   d - +0 kite shield
rNeg    . . .      Spirit   .   g - +0 ring mail
rPois   .          Reflect  .   (no helmet)
rElec   .          Harm     .   (no cloak)
rCorr   .          Rampage  .   (no gloves)
Will    .....                   (no boots)
Stlth   +.........              (no amulet)
HPRegen 0.15/turn               (no ring)
MPRegen 0.10/turn               (no ring)

@: no status effects
A: (nimble swimmer 2), mertail
a: Renounce Religion, Fiery Armour, Foxfire Swarm, Rising Flame


You were on level 4 of the Dungeon.
You worshipped Ignis.
Ignis was extremely pleased with you.
You visited 1 branch of the dungeon, and saw 4 of its levels.
You also visited: Sewer.

You collected 123 gold pieces.

Inventory:

Hand Weapons
 a - a -1 spear of flaming (weapon)
Missiles
 k - 7 poisoned darts (quivered)
 r - a curare-tipped dart
Armour
 d - a +0 kite shield (worn)
   (You found it on level 1 of the Dungeon)
 g - a +0 ring mail (worn)
   (You found it on level 1 of the Dungeon)
Jewellery
 l - a ring of wizardry
   (You found it on level 2 of the Dungeon)
 o - a ring of magical power
   (You found it on level 2 of the Dungeon)
 z - a ring of protection from fire
   (You found it on level 3 of the Dungeon)
Wands
 y - a wand of charming (3)
   (You found it on level 3 of the Dungeon)
 E - a wand of digging (5)
   (You took it off Ijyb on level 4 of the Dungeon)
Scrolls
 c - a scroll of blinking {unknown}
 e - 3 scrolls of teleportation {unknown}
 f - a scroll of butterflies {unknown}
 h - 3 scrolls of identify {unknown}
 i - a scroll of fear {unknown}
 j - a scroll of silence {unknown}
 n - 2 scrolls of amnesia {unknown}
 q - a scroll of enchant armour {unknown}
 t - a scroll of immolation {unknown}
 x - a scroll of enchant weapon {unknown}
 C - a scroll of vulnerability {unknown}
 D - a scroll of noise {unknown}
Potions
 b - 2 potions of curing
 m - a potion of resistance {unknown}
 p - a potion of haste {unknown}
 s - 2 potions of might {unknown}
 u - 4 potions of magic {unknown}
 v - 2 potions of cancellation {unknown}
 w - a potion of mutation {unknown}
 A - a potion of berserk rage {unknown}
 B - a potion of lignification {unknown}


   Skills:
 - Level 3.2 Fighting
 + Level 7.6 Polearms
 + Level 4.4 Shields
 - Level 1.0 Spellcasting
 - Level 2.1 Fire Magic


You had 7 spell levels left.
You didn't know any spells.
Your spell library contained the following spells:

 Spells                   Type           Power      Damage    Failure   Level
 Scorch                   Fire           12%        2d5       69%         2
 Sting                    Tmut/Pois      0%         1d3       85%         1
 Poisonous Vapours        Pois/Air       0%         N/A       94%         2
 Ozocubu's Armour         Ice            0%         N/A       99%         3
 Corpse Rot               Necr/Pois/Air  0%         N/A       100%        4
 Dispel Undead            Necr           0%         3d6       100%        4
 Olgreb's Toxic Radiance  Pois           0%         N/A       100%        4
 Metabolic Englaciation   Hex/Ice        0%         N/A       100%        5
 Death Channel            Necr           0%         N/A       100%        6
 Simulacrum               Ice/Necr       0%         N/A       100%        6


Dungeon Overview and Level Annotations

Branches:
Dungeon (4/15)              Sewer (visited)
 Temple: D:4-7

Altars:

Annotations:
D:4 Blork the orc


Innate Abilities, Weirdness & Mutations

((You are very nimble when in or above water. (Stealth+, EV+, Speed+++)))
Your lower body shifts to a powerful aquatic tail in water.


Message History

Okay, then.
Search for what [Enter for "shie", or ? for help]? armor Unknown command.
Welcome back to the Dungeon!
There is a collapsed entrance here.
Your legs become a tail as you enter the water.
You see here an adder skeleton.
Found a stone staircase leading up.
Found a leather armour.
There is a stone staircase leading up here.
Found an escape hatch in the ceiling.
You open the door.
There is an open door here.
A hobgoblin comes into view.
The hobgoblin shouts!
You reach to attack!
You closely miss the hobgoblin. You closely miss the hobgoblin.
You block the hobgoblin's attack.
You closely miss the hobgoblin. You block the hobgoblin's attack.
You hit the hobgoblin but do no damage. You hit the hobgoblin.
You burn the hobgoblin.
The hobgoblin is almost dead.
The hobgoblin barely misses you.
You hit the hobgoblin but do no damage.
The hobgoblin is almost dead.
The hobgoblin barely misses you.
You barely miss the hobgoblin.
The hobgoblin is almost dead.
The hobgoblin hits you but does no damage.
You hit the hobgoblin. You burn the hobgoblin.
You kill the hobgoblin!
No target in view!
No target in view!
No target in view!
No target in view!
No target in view!
y - a wand of charming (3)
A bat comes into view.
The bat hits you but does no damage.
You closely miss the bat. The bat hits you. You block the bat's attack.
You hit the bat but do no damage. The bat closely misses you.
The bat hits you but does no damage.
You closely miss the bat. The bat hits you but does no damage.
You reach to attack!
You hit the bat. You burn the bat.
You kill the bat!
No target in view!
No target in view!
No target in view!
No target in view!
No target in view!
You see here a hobgoblin corpse.
e - 2 scrolls labelled NAEMA KOYRUKH (gained 1)
h - 3 scrolls labelled EZOMAG VECU (gained 1)
A frilled lizard comes into view.
The frilled lizard hisses angrily.
A frilled lizard is nearby!
A frilled lizard is nearby!
You hit the frilled lizard. You burn the frilled lizard.
You kill the frilled lizard!
No target in view!
No target in view!
No target in view!
No target in view!
No target in view!
No target in view!
You see here a frilled lizard corpse.
A frilled lizard comes into view.
The frilled lizard hisses angrily.
A frilled lizard is nearby!
A frilled lizard is nearby!
A frilled lizard is nearby!
You hit the frilled lizard but do no damage.
You block the frilled lizard's attack.
You hit the frilled lizard. You burn the frilled lizard.
You kill the frilled lizard!
No target in view!
No target in view!
No target in view!
No target in view!
No target in view!
No target in view!
No target in view!
You see here a frilled lizard corpse.
You open the door.
Found a hand axe.
There is an open door here.
You pick up a Young Poisoner's Handbook and begin reading...
You add the spells Sting, Poisonous Vapours and Olgreb's Toxic Radiance to your library.
You open the door.
There is an open door here.
An adder comes into view.
The adder hisses angrily.
You hear an angry hiss.
An adder comes into view.
You hear an angry hiss.
You reach to attack!
You miss the adder. You barely miss the adder. You block the adder's attack.
The adder bites you but does no damage.
You closely miss the adder. The adder bites you but does no damage.
You closely miss the adder. You hit the adder. You burn the adder.
The adder is moderately wounded.
You block the adder's attack. x2
You hit the adder. You burn the adder.
The adder is moderately wounded.
You block the adder's attack. The adder closely misses you.
You block the adder's attack.
You hit the adder but do no damage.
The adder is moderately wounded.
The adder bites you.
You are poisoned.
The adder poisons you! You block the adder's attack.
The adder attacks as you move away! The adder bites you but does no damage.
You feel sick. The adder bites you but does no damage.
You block the adder's attack.
You feel sick.
You feel sick. You block the adder's attack.
The adder attacks as you move away! The adder barely misses you.
You feel sick.
You feel sick.
You are no longer poisoned.
The adder attacks as you move away! You block the adder's attack.
The adder closely misses you. The adder attacks as you move away!
You block the adder's attack. The adder attacks as you move away!
You block the adder's attack. You block the adder's attack.
You see here an adder skeleton.
Your legs become a tail as you enter the water.
The adder bites you but does no damage.
You hit the adder but do no damage. You tail-slap the adder.
The adder is heavily wounded.
You block the adder's attack.
You closely miss the adder.
The adder is heavily wounded.
The adder bites you but does no damage.
You hit the adder. You burn the adder.
The adder is severely wounded.
You block the adder's attack.
You closely miss the adder.
The adder is severely wounded.
The adder closely misses you.
You miss the adder.
You tail-slap the adder, but do no damage.
The adder is severely wounded.
The adder barely misses you. You block the adder's attack.
You hit the adder but do no damage.
The adder is severely wounded.
You block the adder's attack.
You hit the adder. You burn the adder.
You kill the adder!
You hit the adder. You burn the adder.
Your tail-slap misses the adder.
The adder is severely wounded.
The adder bites you.
You closely miss the adder.
The adder is severely wounded.
The adder bites you. The adder barely misses you.
You hit the adder. You burn the adder.
The adder is almost dead.
You block the adder's attack.
You hit the adder. You burn the adder.
You kill the adder!
Your Shields skill increases to level 4!
No target in view!
No target in view!
No target in view!
No target in view!
No target in view!
No target in view!
No target in view!
No target in view!
No target in view!
No target in view!
No target in view!
No target in view!
HP restored.
You see here an adder corpse.
A frilled lizard comes into view.
A frilled lizard is nearby!
A frilled lizard is nearby!
A frilled lizard is nearby!
You hit the frilled lizard. You burn the frilled lizard.
You kill the frilled lizard!
No target in view!
No target in view!
No target in view!
No target in view!
No target in view!
You see here a frilled lizard corpse.
Found a stone staircase leading down.
s - 2 amethyst potions (gained 1)
b - 2 bubbling brown potions (gained 1)
You now have 110 gold pieces (gained 5).
z - a ring of protection from fire You open the door.
A ball python comes into view.
The ball python hisses angrily.
Found a scroll labelled NAEMA KOYRUKH.
A ball python is nearby!
An adder comes into view.
There is an open door here.
You hit the ball python but do no damage.
The ball python completely misses you. The ball python grabs you.
The ball python constricts you.
You hit the ball python. You burn the ball python.
You kill the ball python!
A worm comes into view.
The adder bites you.
You closely miss the adder. You block the adder's attack.
You closely miss the adder. You block the adder's attack.
You hit the adder. You burn the adder.
The adder is lightly wounded.
The adder barely misses you. x2
You hit the adder. You burn the adder.
The adder is heavily wounded.
You block the adder's attack.
You closely miss the adder.
The adder is heavily wounded.
The adder bites you but does no damage. The worm bites you.
There are monsters nearby!
You miss the adder.
The adder is heavily wounded.
The adder bites you.
You miss the adder.
The adder is heavily wounded.
You block the adder's attack. You block the worm's attack.
You hit the adder. You burn the adder.
You kill the adder!
You hit the worm but do no damage. You block the worm's attack.
You hit the worm. You burn the worm.
The worm is moderately wounded.
You hit the worm. You burn the worm.
The worm is moderately wounded.
You block the worm's attack.
You hit the worm. You burn the worm.
The worm is severely wounded.
You hit the worm. You burn the worm.
The worm is severely wounded.
The worm bites you!
You hit the worm. You burn the worm.
You kill the worm!
No target in view!
No target in view!
No target in view!
No target in view!
No target in view!
No target in view!
No target in view!
No target in view!
e - 3 scrolls labelled NAEMA KOYRUKH (gained 1)
A worm comes into view.
A worm is nearby!
A worm is nearby!
You reach to attack!
You hit the worm. You burn the worm.
The worm is moderately wounded.
You hit the worm but do no damage.
The worm is lightly wounded.
You hit the worm. You burn the worm.
The worm is moderately wounded.
The worm barely misses you.
You hit the worm. You burn the worm.
The worm is moderately wounded.
You hit the worm but do no damage.
The worm is moderately wounded.
You block the worm's attack.
You hit the worm. You burn the worm.
The worm is heavily wounded.
You barely miss the worm.
The worm is heavily wounded.
The worm closely misses you.
You puncture the worm! You burn the worm.
The worm is almost dead.
The worm bites you but does no damage.
You hit the worm but do no damage.
The worm is severely wounded.
You hit the worm but do no damage.
The worm is severely wounded.
The worm bites you but does no damage.
You hit the worm. You burn the worm.
You kill the worm!
No target in view!
No target in view!
No target in view!
No target in view!
No target in view!
No target in view!
No target in view!
You open the door.
A hobgoblin comes into view.
The hobgoblin shouts!
Found a black potion.
Found a stone staircase leading down.
A hobgoblin is nearby!
A hobgoblin is nearby!
A hobgoblin is nearby!
Found an escape hatch in the floor.
There is an open door here.
You hit the hobgoblin. You burn the hobgoblin.
You kill the hobgoblin!
No target in view!
No target in view!
A quokka comes into view.
A quokka is nearby!
A quokka is nearby!
A quokka is nearby!
Found a metallic pink potion.
You see here a black potion.
You reach to attack!
You hit the quokka. You burn the quokka.
You kill the quokka!
No target in view!
No target in view!
No target in view!
No target in view!
No target in view!
No target in view!
No target in view!
No target in view!
A - a black potion
B - a metallic pink potion An endoplasm comes into view.
You hit the endoplasm. You burn the endoplasm.
You kill the endoplasm!
No target in view!
No target in view!
No target in view!
A goblin comes into view. It is wielding a +0 club.
The goblin shouts!
A goblin is nearby!
A goblin is nearby!
You hit the goblin. You burn the goblin.
You kill the goblin!
No target in view!
No target in view!
No target in view!
No target in view!
No target in view!
No target in view!
No target in view!
No target in view!
You see here a +0 club.
You open the door.
Found a leather armour.
Found a robe.
There is an open door here.
A goblin comes into view. It is wielding a +0 club.
The goblin shouts!
You hit the goblin but do no damage. The goblin closely misses you.
You completely miss the goblin. The goblin hits you but does no damage.
You hit the goblin. You burn the goblin.
You kill the goblin!
No target in view!
No target in view!
No target in view!
No target in view!
No target in view!
No target in view!
No target in view!
No target in view!
You see here a +0 club.
v - 2 bubbling red potions (gained 1)
You see here a +0 club.
There is an open door here.
You see here a +0 club.
You open the door.
There is an open door here.
Key pressed, stopping explore.
Found a stone staircase leading down.
A dart slug comes into view.
A dart slug is nearby!
The dart slug launches a dart at you. You block the slug dart.
The dart slug launches a dart at you. The slug dart misses you.
You reach to attack!
You hit the dart slug but do no damage. You hit the dart slug.
You burn the dart slug.
The dart slug is heavily wounded.
You hit the dart slug. You burn the dart slug.
The dart slug is severely wounded.
The dart slug launches a dart at you. You block the slug dart.
You hit the dart slug. You burn the dart slug.
The dart slug is almost dead.
The dart slug launches a dart at you. The slug dart hits you.
You hit the dart slug. You burn the dart slug.
You kill the dart slug!
No target in view!
No target in view!
No target in view!
No target in view!
No target in view!
No target in view!
u - 4 brown potions (gained 1)
You see here a dart slug corpse.
You open the door.
There is an open door here.
k - 25 poisoned darts (gained 6)
You now have 123 gold pieces (gained 13).
Found a whip.
C - a scroll labelled TOONTAHEAM No target in view!
No target in view!
No target in view!
No target in view!
No target in view!
No target in view!
No target in view!
No target in view!
No target in view!
No target in view!
You see here a +0 whip.
There is an open door here.
There is an escape hatch in the ceiling here.
n - 2 scrolls labelled FIYKHL BESUIF (gained 1)
There is an escape hatch in the ceiling here.
D - a scroll labelled NEPETT CUFOILL A quokka comes into view.
Found a stone staircase leading up.
A quokka is nearby!
You hit the quokka but do no damage. The quokka bites you.
You block the quokka's attack.
You hit the quokka but do no damage.
The quokka bites you but does no damage.
You barely miss the quokka. The quokka barely misses you.
You hit the quokka but do no damage. The quokka closely misses you.
You barely miss the quokka.
The quokka bites you but does no damage.
You hit the quokka. You burn the quokka.
You kill the quokka!
No target in view!
No target in view!
No target in view!
No target in view!
No target in view!
You pick up a book of Decay and begin reading...
You add the spells Corpse Rot, Dispel Undead and Death Channel to your library.
There is an open door here.
Done exploring.
Done exploring.
Done exploring.
Done exploring.
No target in view!
Okay, then.
Unknown command.
Done exploring.
Done exploring.
Okay, then.
Done exploring.
Done exploring.
(D) Dungeon
Where to? (Enter - D:3, ? - help)
There is an open door here.
There is a stone staircase leading down here.
You climb downwards.
Found a stone staircase leading up.
There is a stone staircase leading up here.
There are monsters nearby!
Unknown command.
Unknown command.
You reach to attack!
You hit the goblin. You burn the goblin.
The goblin is severely wounded.
You reach to attack!
You closely miss the goblin.
The goblin is severely wounded.
The dart slug launches a dart at you. You block the slug dart.
You hit the goblin. You burn the goblin.
You kill the goblin!
You reach to attack!
You closely miss the hound. You closely miss the hound.
The hound bites you but does no damage. x2
You hit the hound. You burn the hound.
The hound is lightly wounded.
You block the hound's attack.
You barely miss the hound.
The hound is lightly wounded.
The hound bites you but does no damage.
You hit the hound but do no damage.
The hound is lightly wounded.
You block the hound's attack.
You hit the hound. You burn the hound.
The hound is heavily wounded.
The hound barely misses you. The hound bites you but does no damage.
You barely miss the hound.
The hound is heavily wounded.
You block the hound's attack.
You closely miss the hound.
The hound is heavily wounded.
The hound bites you but does no damage.
You hit the hound. You burn the hound.
The hound is heavily wounded.
You block the hound's attack. The hound bites you.
You closely miss the hound.
The hound is heavily wounded.
You block the hound's attack.
You hit the hound. You burn the hound.
The hound is severely wounded.
The hound bites you but does no damage.
The dart slug bites you but does no damage.
You block the hound's attack.
You hit the hound but do no damage.
The hound is severely wounded.
The hound bites you but does no damage. The dart slug launches a dart at you.
The slug dart hits you.
You hit the hound but do no damage.
The hound is severely wounded.
You block the hound's attack. x2
You hit the hound. You burn the hound.
The hound is almost dead.
You block the dart slug's attack. The hound bites you.
You hit the hound but do no damage.
The hound is almost dead.
You block the hound's attack. The dart slug launches a dart at you.
The slug dart hits you.
You completely miss the hound.
The hound is almost dead.
The hound bites you but does no damage. The hound barely misses you.
You closely miss the hound.
The hound is almost dead.
The hound completely misses you. The dart slug bites you.
You closely miss the hound.
The hound is almost dead.
The hound bites you.
You closely miss the hound.
The hound is almost dead.
The hound bites you. You block the dart slug's attack. The hound bites you.
You are too injured to fight recklessly!
You are too injured to fight recklessly!
You are too injured to fight recklessly!
You are too injured to fight recklessly!
You are too injured to fight recklessly!
You are too injured to fight recklessly!
You are too injured to fight recklessly!
You are too injured to fight recklessly!
You are too injured to fight recklessly!
You barely miss the hound.
The hound is almost dead.
The hound bites you but does no damage.
The dart slug bites you but does no damage.
You hit the hound. You burn the hound.
You kill the hound!
The dart slug barely misses you.
You are too injured to fight recklessly!
You are too injured to fight recklessly!
You are too injured to fight recklessly!
You hit the dart slug. You burn the dart slug.
The dart slug is heavily wounded.
The dart slug launches a dart at you. The slug dart hits you.
You hit the dart slug. You burn the dart slug.
The dart slug is almost dead.
You block the dart slug's attack.
You hit the dart slug. You burn the dart slug.
You kill the dart slug!
You see here a dart slug corpse.
There is a stone staircase leading up here.
Things that are here:
a +0 dagger; a hound corpse You start resting.
HP restored.
Search for what [Enter for "armor", or ? for help]? pole
Found a chain mail.
Found 4 stones.
Found a stone staircase leading down.
A jackal comes into view.
The jackal barks!
A jackal comes into view.
There are monsters nearby!
A jackal comes into view.
The jackal barks! x2; You hear a bark!
You hear a shout!
A jackal comes into view.
You see here 4 stones.
You hit the jackal. You burn the jackal.
The jackal is heavily wounded.
You block the jackal's attack.
You closely miss the jackal.
The jackal is heavily wounded.
The jackal bites you but does no damage. x2
You closely miss the jackal.
The jackal is heavily wounded.
The jackal bites you but does no damage.
You closely miss the jackal.
The jackal is heavily wounded.
The jackal barely misses you.
The jackal stops to sniff the ground.
You closely miss the jackal.
The jackal is heavily wounded.
The jackal bites you.
You closely miss the jackal.
The jackal is heavily wounded.
You hit the jackal. You burn the jackal.
The jackal is almost dead.
You block the jackal's attack.
You closely miss the jackal.
The jackal is almost dead.
You block the jackal's attack.
You hit the jackal but do no damage.
The jackal is almost dead.
The jackal bites you but does no damage.
Ijyb the Twisted Goblin comes into view.
She is wielding a +0 dagger and carrying a wand of digging (9).
You closely miss the jackal.
The jackal is almost dead.
Ijyb shouts!
The jackal bites you but does no damage.
You closely miss the jackal.
The jackal is almost dead.
The jackal bites you.
You barely miss the jackal.
The jackal is almost dead.
The jackal bites you but does no damage. x2
You completely miss the jackal.
The jackal is almost dead.
Ijyb zaps a wand.
Some rock shatters into small pieces.
You block the jackal's attack.
You hit the jackal. You burn the jackal.
You kill the jackal!
You hit the jackal but do no damage.
The jackal is heavily wounded.
The jackal bites you but does no damage.
You closely miss the jackal.
The jackal is heavily wounded.
The jackal closely misses you.
Ijyb zaps a wand.
Some rock shatters into small pieces.
You closely miss the jackal.
The jackal is heavily wounded.
The jackal bites you but does no damage.
The jackal bites you.
You hit the jackal. You burn the jackal.
You kill the jackal!
You closely miss the jackal.
The jackal bites you but does no damage.
You barely miss the jackal. You block the jackal's attack.
Ijyb zaps a wand.
Some rock shatters into small pieces.
You block the jackal's attack.
You hit the jackal but do no damage. The jackal bites you.
You hit the jackal. You burn the jackal.
The jackal is heavily wounded.
The jackal barely misses you.
You closely miss the jackal.
The jackal is heavily wounded.
The jackal closely misses you.
Ijyb zaps a wand.
Some rock shatters into small pieces.
You hit the jackal. You burn the jackal.
You kill the jackal!
You closely miss the jackal.
The jackal bites you but does no damage.
You hit Ijyb. You burn Ijyb.
Ijyb is lightly wounded.
The jackal bites you but does no damage.
You hit Ijyb but do no damage.
Ijyb is lightly wounded.
You block the jackal's attack. Ijyb hits you but does no damage.
The jackal closely misses you.
You hit Ijyb but do no damage.
Ijyb is lightly wounded.
You block Ijyb's attack. You block the jackal's attack.
You closely miss Ijyb.
Ijyb is lightly wounded.
You block Ijyb's attack. The jackal closely misses you.
You hit Ijyb. You burn Ijyb.
Ijyb is moderately wounded.
The jackal closely misses you. Ijyb hits you with a +0 dagger.
You hit Ijyb but do no damage.
Ijyb is moderately wounded.
The jackal bites you. Ijyb closely misses you.
You hit Ijyb but do no damage.
Ijyb is moderately wounded.
You block the jackal's attack. x2; You block Ijyb's attack.
You barely miss Ijyb.
Ijyb is moderately wounded.
The jackal barely misses you. Ijyb closely misses you.
You closely miss Ijyb.
Ijyb is moderately wounded.
You block the jackal's attack. Ijyb hits you but does no damage.
You hit Ijyb. You burn Ijyb.
Ijyb is moderately wounded.
The jackal barely misses you.
The jackal bites you but does no damage.
You hit Ijyb but do no damage.
Ijyb is moderately wounded.
You block Ijyb's attack. You block the jackal's attack.
You closely miss Ijyb.
Ijyb is moderately wounded.
Ijyb hits you but does no damage. You block the jackal's attack.
You hit the jackal but do no damage. The jackal barely misses you.
Ijyb hits you with a +0 dagger.
You closely miss the jackal.
The jackal bites you but does no damage.
You block Ijyb's attack. You block the jackal's attack.
You completely miss the jackal. Ijyb completely misses you.
You block the jackal's attack.
You barely miss the jackal.
The jackal bites you but does no damage.
Ijyb hits you but does no damage.
You closely miss the jackal. The jackal bites you. You block Ijyb's attack.
You hit the jackal but do no damage. The jackal misses you.
The jackal bites you but does no damage.
You block Ijyb's attack.
You hit the jackal. You burn the jackal.
You kill the jackal!
You closely miss Ijyb.
Ijyb is moderately wounded.
Ijyb hits you but does no damage.
You hit Ijyb but do no damage.
Ijyb is moderately wounded.
Ijyb screams, "Die!"
Ijyb barely misses you.
Throw: 25 darts (poison)
Press: ? - help, Q - select action, (/) - cycle Shift-Dir - straight line, f - Ijyb
Aim: Ijyb, wielding a +0 dagger, wearing a +0 chain mail and carrying a wand of digging (5) (moderately wounded, 56% to hit)
You throw a poisoned dart. The poisoned dart hits Ijyb.
Ijyb is moderately wounded.
You block Ijyb's attack.
Throw: 24 darts (poison)
Press: ? - help, Q - select action, (/) - cycle Shift-Dir - straight line, f/p - Ijyb
Aim: Ijyb, wielding a +0 dagger, wearing a +0 chain mail and carrying a wand of digging (5) (moderately wounded, 56% to hit)
You throw a poisoned dart. The poisoned dart hits Ijyb.
Ijyb is poisoned.
Ijyb is moderately wounded.
Ijyb hits you but does no damage.
Throw: 23 darts (poison)
Press: ? - help, Q - select action, (/) - cycle Shift-Dir - straight line, f/p - Ijyb
Aim: Ijyb, wielding a +0 dagger, wearing a +0 chain mail and carrying a wand of digging (5) (moderately wounded, poisoned, 56% to hit)
You throw a poisoned dart. The poisoned dart hits Ijyb.
Ijyb is moderately wounded.
Ijyb hits you but does no damage. You block Ijyb's attack.
Throw: 22 darts (poison)
Press: ? - help, Q - select action, (/) - cycle Shift-Dir - straight line, f/p - Ijyb
Aim: Ijyb, wielding a +0 dagger, wearing a +0 chain mail and carrying a wand of digging (5) (heavily wounded, poisoned, 56% to hit)
You throw a poisoned dart. The poisoned dart barely misses Ijyb.
Ijyb hits you with a +0 dagger.
Throw: 21 darts (poison)
Press: ? - help, Q - select action, (/) - cycle Shift-Dir - straight line, f/p - Ijyb
Aim: Ijyb, wielding a +0 dagger, wearing a +0 chain mail and carrying a wand of digging (5) (severely wounded, poisoned, 56% to hit)
You throw a poisoned dart. The poisoned dart hits Ijyb.
Ijyb looks even sicker.
Ijyb is severely wounded.
Ijyb drinks a potion.
Ijyb is healed!
Ijyb looks more healthy.
You hit Ijyb but do no damage.
Ijyb is moderately wounded.
Ijyb barely misses you.
Throw: 20 darts (poison)
Press: ? - help, Q - select action, (/) - cycle Shift-Dir - straight line, f/p - Ijyb
Aim: Ijyb, wielding a +0 dagger, wearing a +0 chain mail and carrying a wand of digging (5) (moderately wounded, 56% to hit)
You throw a poisoned dart. The poisoned dart hits Ijyb.
Ijyb is moderately wounded.
Ijyb barely misses you.
Throw: 19 darts (poison)
Press: ? - help, Q - select action, (/) - cycle Shift-Dir - straight line, f/p - Ijyb
Aim: Ijyb, wielding a +0 dagger, wearing a +0 chain mail and carrying a wand of digging (5) (moderately wounded, 56% to hit)
You throw a poisoned dart. The poisoned dart hits Ijyb.
Ijyb is poisoned.
Ijyb is moderately wounded.
You block Ijyb's attack.
You hit Ijyb but do no damage.
Ijyb is moderately wounded.
Ijyb hits you but does no damage.
You barely miss Ijyb.
Ijyb is heavily wounded.
You block Ijyb's attack.
You hit Ijyb but do no damage.
Ijyb is heavily wounded.
You block Ijyb's attack.
Throw: 18 darts (poison)
Press: ? - help, Q - select action, (/) - cycle Shift-Dir - straight line, f/p - Ijyb
Aim: Ijyb, wielding a +0 dagger, wearing a +0 chain mail and carrying a wand of digging (5) (heavily wounded, poisoned, 56% to hit)
You throw a poisoned dart. The poisoned dart barely misses Ijyb.
Ijyb looks more healthy.
You block Ijyb's attack.
Throw: 17 darts (poison)
Press: ? - help, Q - select action, (/) - cycle Shift-Dir - straight line, f/p - Ijyb
Aim: Ijyb, wielding a +0 dagger, wearing a +0 chain mail and carrying a wand of digging (5) (heavily wounded, 56% to hit)
You throw a poisoned dart. The poisoned dart hits Ijyb.
Ijyb is poisoned.
Ijyb is heavily wounded.
You block Ijyb's attack.
You hit Ijyb. You burn Ijyb.
Ijyb is heavily wounded.
Ijyb hits you but does no damage.
You hit Ijyb but do no damage.
Ijyb is heavily wounded.
You block Ijyb's attack.
You closely miss Ijyb.
Ijyb is heavily wounded.
You hit Ijyb. You burn Ijyb.
Ijyb is almost dead.
You block Ijyb's attack.
You closely miss Ijyb.
Ijyb is almost dead.
You kill Ijyb!
E - a wand of digging (5);
k - 23 poisoned darts (gained 7)
Things that are here:
a +0 dagger; a +0 chain mail
k - 25 poisoned darts (gained 2) Blork the orc comes into view.
He is wielding a +2 antimagic glaive.
Found 14 gold pieces.
Blork the orc shouts!
Blork the orc is nearby!
Blork the orc is nearby!
Blork the orc is nearby!
You throw a poisoned dart.
The poisoned dart barely misses Blork the orc.
Blork the orc casts a spell at you. The puff of flame hits you. You resist.
You throw a poisoned dart. The poisoned dart hits Blork the orc.
Blork the orc is poisoned.
You throw a poisoned dart.
The poisoned dart barely misses Blork the orc.
Blork the orc gestures wildly while chanting.
Blork the orc seems to speed up.
You throw a poisoned dart.
The poisoned dart barely misses Blork the orc.
Blork the orc casts a spell at you. The magic dart hits you!
Blork the orc looks more healthy.
Blork the orc gestures at you while chanting.
The magic dart hits you. You block Blork the orc's attack.
Blork the orc attacks as you move away! Blork the orc completely misses you.
You block Blork the orc's attack.
There is a stone staircase leading up here.
Throw: 21 darts (poison)
Press: ? - help, Q - select action, (/) - cycle Shift-Dir - straight line, f/p - Blork the orc
Aim: Blork the orc, wielding a +2 antimagic glaive and wearing a +0 robe (moderately wounded, fast, 60% to hit)
You throw a poisoned dart. The poisoned dart hits Blork the orc.
Blork the orc is poisoned.
Blork the orc is moderately wounded.
Blork the orc barely misses you.
Blork the orc hits you from afar with a +2 antimagic glaive!
* * * LOW HITPOINT WARNING * * *
You feel your power leaking away.
* * * LOW MAGIC WARNING * * *
Blork the orc hits you from afar with a +2 antimagic glaive.
* * * LOW HITPOINT WARNING * * *
You block Blork the orc's attack.
You climb upwards.
There is a stone staircase leading down here.
You start resting.
Magic restored.
You start resting.
HP restored.
You climb downwards.
Level annotation: Blork the orc Blork the orc hits you from afar with a +2 antimagic glaive!
You feel your power leaking away.
* * * LOW MAGIC WARNING * * *
There is a stone staircase leading up, spattered with blood here.
Throw: 20 darts (poison)
Press: ? - help, Q - select action, (/) - cycle Shift-Dir - straight line, f - Blork the orc
Aim: Blork the orc, wielding a +2 antimagic glaive and wearing a +0 robe (60% to hit)
You throw a poisoned dart. The poisoned dart hits Blork the orc.
Blork the orc hits you but does no damage.
Throw: 19 darts (poison)
Press: ? - help, Q - select action, (/) - cycle Shift-Dir - straight line, f/p - Blork the orc
Aim: Blork the orc, wielding a +2 antimagic glaive and wearing a +0 robe (60% to hit)
You throw a poisoned dart.
The poisoned dart completely misses Blork the orc.
Blork the orc barely misses you. You block Blork the orc's attack.
You climb upwards.
There is a stone staircase leading down here.
There is an open door here.
There is a stone staircase leading down here.
You start resting.
Magic restored.
You climb downwards.
Level annotation: Blork the orc
There is a stone staircase leading up here.
Throw: 18 darts (poison)
Press: ? - help, Q - select action, (/) - cycle Shift-Dir - straight line, f - Blork the orc
Aim: Blork the orc, wielding a +2 antimagic glaive and wearing a +0 robe (60% to hit)
You throw a poisoned dart. The poisoned dart hits Blork the orc.
Blork the orc is poisoned.
Throw: 17 darts (poison)
Press: ? - help, Q - select action, (/) - cycle Shift-Dir - straight line, f/p - Blork the orc
Aim: Blork the orc, wielding a +2 antimagic glaive and wearing a +0 robe (lightly wounded, poisoned, 60% to hit)
You throw a poisoned dart.
The poisoned dart barely misses Blork the orc.
Throw: 16 darts (poison)
Press: ? - help, Q - select action, (/) - cycle Shift-Dir - straight line, f/p - Blork the orc
Aim: Blork the orc, wielding a +2 antimagic glaive and wearing a +0 robe (lightly wounded, poisoned, 60% to hit)
You throw a poisoned dart. The poisoned dart hits Blork the orc.
Blork the orc looks even sicker.
Blork the orc is lightly wounded.
Blork the orc points at you and mumbles some strange words.
You block the puff of frost.
Throw: 15 darts (poison)
Press: ? - help, Q - select action, (/) - cycle Shift-Dir - straight line, f/p - Blork the orc
Aim: Blork the orc, wielding a +2 antimagic glaive and wearing a +0 robe (lightly wounded, very poisoned, 60% to hit)
You throw a poisoned dart.
The poisoned dart barely misses Blork the orc.
Blork the orc casts a cantrip, but nothing happens.
Blork the orc screams, "I'm much stronger than you!"
Blork the orc casts a spell.
Blork the orc seems to speed up.
Throw: 14 darts (poison)
Press: ? - help, Q - select action, (/) - cycle Shift-Dir - straight line, f/p - Blork the orc
Aim: Blork the orc, wielding a +2 antimagic glaive and wearing a +0 robe (lightly wounded, fast, very poisoned, 60% to hit)
You throw a poisoned dart. The poisoned dart hits Blork the orc.
Blork the orc looks even sicker.
Blork the orc is lightly wounded.
Blork the orc casts a cantrip, but nothing happens.
Throw: 13 darts (poison)
Press: ? - help, Q - select action, (/) - cycle Shift-Dir - straight line, f/p - Blork the orc
Aim: Blork the orc, wielding a +2 antimagic glaive and wearing a +0 robe (lightly wounded, fast, very poisoned, 60% to hit)
You throw a poisoned dart. The poisoned dart hits Blork the orc.
Blork the orc looks as sick as possible!
Blork the orc is lightly wounded.
Blork the orc hits you from afar with a +2 antimagic glaive!
You feel your power leaking away.
Reach: a) -1 spear (flame)
Press: ? - help, Dir - move target, f/p - Blork the orc
Aim: Blork the orc, wielding a +2 antimagic glaive and wearing a +0 robe (lightly wounded, fast, extremely poisoned, about 35% to evade your -1 spear of flaming)
You reach to attack!
You hit Blork the orc but do no damage.
Blork the orc is lightly wounded.
Blork the orc hits you from afar with a +2 antimagic glaive.
Reach: a) -1 spear (flame)
Press: ? - help, Dir - move target, f/p - Blork the orc
Aim: Blork the orc, wielding a +2 antimagic glaive and wearing a +0 robe (moderately wounded, fast, extremely poisoned, about 35% to evade your -1 spear of flaming)
You reach to attack!
You barely miss Blork the orc.
Blork the orc is moderately wounded.
Blork the orc barely misses you.
Reach: a) -1 spear (flame)
Press: ? - help, Dir - move target, f/p - Blork the orc
Aim: Blork the orc, wielding a +2 antimagic glaive and wearing a +0 robe (heavily wounded, fast, extremely poisoned, about 35% to evade your -1 spear of flaming)
You reach to attack!
You hit Blork the orc. You burn Blork the orc.
Blork the orc is heavily wounded.
Blork the orc hits you from afar with a +2 antimagic glaive!
* * * LOW HITPOINT WARNING * * *
You feel your power leaking away.
* * * LOW MAGIC WARNING * * *
Blork the orc barely misses you.
Okay, then.
You block Blork the orc's attack.
You climb upwards.
There is a stone staircase leading down here.
You climb downwards.
Level annotation: Blork the orc Blork the orc frowns.
Blork the orc casts a spell at you. The puff of flame hits you. You resist.
There is a stone staircase leading up, spattered with blood here.
Throw: 12 darts (poison)
Press: ? - help, Q - select action, (/) - cycle Shift-Dir - straight line, f - Blork the orc
Aim: Blork the orc, wielding a +2 antimagic glaive and wearing a +0 robe (heavily wounded, 60% to hit)
You throw a poisoned dart. The poisoned dart hits Blork the orc.
Blork the orc is poisoned.
Blork the orc is heavily wounded.
Throw: 11 darts (poison)
Press: ? - help, Q - select action, (/) - cycle Shift-Dir - straight line, f/p - Blork the orc
Aim: Blork the orc, wielding a +2 antimagic glaive and wearing a +0 robe (heavily wounded, poisoned, 60% to hit)
You throw a poisoned dart. The poisoned dart hits Blork the orc.
Blork the orc is heavily wounded.
Blork the orc points at you and mumbles some strange words.
The magic dart hits you.
* * * LOW HITPOINT WARNING * * *
Throw: 10 darts (poison)
Press: ? - help, Q - select action, (/) - cycle Shift-Dir - straight line, f/p - Blork the orc
Aim: Blork the orc, wielding a +2 antimagic glaive and wearing a +0 robe (heavily wounded, poisoned, 60% to hit)
You throw a poisoned dart. The poisoned dart hits Blork the orc.
Blork the orc looks even sicker.
Blork the orc is heavily wounded.
Throw: 9 darts (poison)
Press: ? - help, Q - select action, (/) - cycle Shift-Dir - straight line, f/p - Blork the orc
Aim: Blork the orc, wielding a +2 antimagic glaive and wearing a +0 robe (heavily wounded, very poisoned, 60% to hit)
You throw a poisoned dart.
The poisoned dart closely misses Blork the orc.
Throw: 8 darts (poison)
Press: ? - help, Q - select action, (/) - cycle Shift-Dir - straight line, f/p - Blork the orc
Aim: Blork the orc, wielding a +2 antimagic glaive and wearing a +0 robe (severely wounded, very poisoned, 60% to hit)
You throw a poisoned dart. The poisoned dart hits Blork the orc.
Blork the orc is severely wounded.
Reach: a) -1 spear (flame)
Press: ? - help, Dir - move target, f/p - Blork the orc
Aim: Blork the orc, wielding a +2 antimagic glaive and wearing a +0 robe (severely wounded, very poisoned, about 35% to evade your -1 spear of flaming)
You reach to attack!
You hit Blork the orc but do no damage.
Blork the orc is severely wounded.
Blork the orc begins to cast a cantrip, but forgets the words!
Reach: a) -1 spear (flame)
Press: ? - help, Dir - move target, f/p - Blork the orc
Aim: Blork the orc, wielding a +2 antimagic glaive and wearing a +0 robe (severely wounded, very poisoned, about 35% to evade your -1 spear of flaming)
You reach to attack!
You hit Blork the orc. You burn Blork the orc.
Blork the orc is severely wounded.
Blork the orc mumbles some strange words.
Blork the orc seems to speed up.
Reach: a) -1 spear (flame)
Press: ? - help, Dir - move target, f/p - Blork the orc
Aim: Blork the orc, wielding a +2 antimagic glaive and wearing a +0 robe (severely wounded, fast, very poisoned, about 35% to evade your -1 spear of flaming)
You reach to attack!
You barely miss Blork the orc.
Blork the orc is severely wounded.
Blork the orc closely misses you.
Reach: a) -1 spear (flame)
Press: ? - help, Dir - move target, f/p - Blork the orc
Aim: Blork the orc, wielding a +2 antimagic glaive and wearing a +0 robe (almost dead, fast, poisoned, about 35% to evade your -1 spear of flaming)
You reach to attack!
You completely miss Blork the orc.
Blork the orc is almost dead.
Blork the orc hits you from afar with a +2 antimagic glaive!
* * * LOW HITPOINT WARNING * * *
You feel your power leaking away.
* * * LOW MAGIC WARNING * * *
Reach: a) -1 spear (flame)
Press: ? - help, Dir - move target, f/p - Blork the orc
Aim: Blork the orc, wielding a +2 antimagic glaive and wearing a +0 robe (almost dead, fast, poisoned, about 35% to evade your -1 spear of flaming)
You reach to attack!
You barely miss Blork the orc.
Blork the orc is almost dead.
Blork the orc casts a spell at you. The puff of flame hits you. You resist.
* * * LOW HITPOINT WARNING * * *
Blork the orc points at you and mumbles some strange words.
The puff of frost hits you!
You die...

#.####.##......#### #
####.####........
####.#...o(....#######
.......(..#[##.#
###..#.#<.#.##.#
#.....(......#
#.##....(....# #
#.#.##o##.####
#.#.....@....#
....##.##.##.# ...####
# .# ... .. ... ###


You could see Blork the orc (fast, poisoned).

Vanquished Creatures
  2 kobold brigands (Sewer)
  A hound (D:4)
  Ijyb (D:4)
  4 gnolls (D:3)
  5 adders
  5 worms
  3 dart slugs
  5 endoplasms
  14 giant cockroaches
  4 goblins
  4 hobgoblins
  4 jackals (D:4)
  15 kobolds
  5 quokkas
  8 ball pythons
  8 bats
  6 frilled lizards
  7 rats
101 creatures vanquished.

Vanquished Creatures (others)
  A fungus (Sewer)
  5 plants (Sewer)
6 creatures vanquished.

Grand Total: 107 creatures vanquished

Notes
Turn   | Place    | Note
-------+----------+-------------------------------------------
     0 | D:1      | sleeves the Merfolk Cinder Acolyte began the quest for the
                  | Orb.
     0 | D:1      | Reached XP level 1. HP: 18/18 MP: 2/2
   395 | D:1      | Reached XP level 2. HP: 15/24 MP: 3/3
  1069 | D:1      | Found a faded altar of an unknown god.
  1089 | D:2      | HP: 12/24 [bat (1)]
  1091 | D:2      | Reached skill level 1 in Shields
  1253 | D:1      | Reached skill level 5 in Polearms
  1253 | D:1      | Reached XP level 3. HP: 29/29 MP: 4/4
  1513 | D:2      | HP: 14/29 [giant cockroach (1)]
  1794 | D:2      | Reached skill level 2 in Shields
  1969 | D:3      | Reached XP level 4. HP: 35/35 MP: 5/5
  1984 | D:3      | HP: 14/35 [gnoll/+1 flail of holy wrath (5)]
  2264 | D:3      | Reached skill level 6 in Polearms
  2294 | D:3      | Reached XP level 5. HP: 28/41 MP: 6/6
  2372 | D:3      | Found a glowing drain.
  2385 | Sewer    | Entered a sewer
  2482 | Sewer    | Noticed a kobold brigand
  2529 | Sewer    | Killed a kobold brigand
  2530 | Sewer    | Reached skill level 3 in Shields
  2699 | Sewer    | Noticed a kobold brigand
  2762 | Sewer    | HP: 20/41 [kobold brigand/+0 dagger (8)]
  2773 | Sewer    | Killed a kobold brigand
  2774 | Sewer    | Reached skill level 7 in Polearms
  2774 | Sewer    | Reached XP level 6. HP: 24/47 MP: 7/7
  3264 | D:3      | Reached skill level 4 in Shields
  4158 | D:4      | Noticed Ijyb
  4213 | D:4      | Killed Ijyb
  4277 | D:4      | Noticed Blork the orc
  4296 | D:4      | HP: 19/47 [Blork the orc/+2 antimagic glaive (16)]
  4579 | D:4      | HP: 21/47 [Blork the orc/+2 antimagic glaive (15)]
  4632 | D:4      | HP: 23/47 [Blork the orc/magic dart (4)]
  4639 | D:4      | HP: 10/47 [Blork the orc/+2 antimagic glaive (14)]
  4640 | D:4      | Killed from afar by Blork the orc

Illustrated notes

Levels and vault maps discovered:
D:1:      lightli_arrival_windingriver, layout_loops_ring,
          shapermc_ecumenical_altar_flowoftime
D:2:      minmay_roachtagon, layout_rooms
D:3:      minmay_wonky_spiral, layout_basic, gup_sewer_entry_bubbles
D:4:      layout_loops_cross, uniq_ijyb, uniq_blork_the_orc

Skill      XL: |  1  2  3  4  5  6 |
---------------+-------------------+-----
Shields        | 1 2 3 4 |  4.4
Polearms       | 5 6 7 |  7.6
Fighting       | |  3.2
Spellcasting   | |  1.0
Fire Magic     | |  2.1

Action                   |  1- 3 |  4- 6 || total
-------------------------+-------+-------++-------
Melee: Spear             |   182 |   338 ||   520
       Tailslap          |       |     9 ||     9
Throw: Dart              |     4 |    32 ||    36
 Stab: Sleeping          |     1 |     2 ||     3
Armor: Robe              |    17 |       ||    17
       Ring mail         |    65 |    78 ||   143
Dodge: Dodged            |    80 |    73 ||   153
Block: Kite shield       |    60 |   113 ||   173
